 Dungeon Crawl Stone Soup version 0.29.0-11-gd7f09526c8 (webtiles) character file.

Game seed: 16022999436626475134

11761 pacmanke6689 the Impaler (level 11, -10/84 HPs)
             Began as a Merfolk Fighter on Sept 4, 2022.
             Was a Believer of Makhleb.
             Mangled by Harold
             ... wielding a +1 short sword of flaming
              (12 damage)
             ... on level 2 of the Lair of Beasts.
             The game lasted 00:36:03 (11517 turns).

pacmanke6689 the Impaler (Merfolk Fighter)         Turns: 11517, Time: 00:36:03

Health: -10/84     AC: 26    Str: 20    XL:     11   Next: 82%
Magic:  18/18      EV:  7    Int:  6    God:    Makhleb [**....]
Gold:   557        SH:  0    Dex: 27    Spells: 18/19 levels left

rFire   . . .      SeeInvis .   j - +3 halberd (elec)
rCold   . . .      Faith    .   (shield currently unavailable)
rNeg    + . .      Spirit   .   o - +13 plate armour of Twilight {*Corrode rElec rPois Stlth+}
rPois   +          Reflect  .   (no helmet)
rElec   +          Harm     .   C - +1 cloak
rCorr   .          Rampage  .   m - +0 pair of gloves
Will    .....                   h - +0 pair of boots
Stlth   ..........              (no amulet)
HPRegen 0.24/turn               t - ring "Pajiul" {Fly rN+ Str+2 Int-3 Dex+8}
MPRegen 0.16/turn               x - +6 ring of dexterity

@: lethally poisoned (-10 -> -24), marked, corroded, flying
A: (nimble swimmer 2), mertail, clumsy 1, subdued magic 1
a: Renounce Religion, Minor Destruction


You were on level 2 of the Lair of Beasts.
You worshipped Makhleb.
Makhleb was pleased with you.
You visited 3 branches of the dungeon, and saw 11 of its levels.

You collected 557 gold pieces.

Inventory:

Hand Weapons
 a - a +0 trident
 j - a +3 halberd of electrocution (weapon)
 B - a +2 quarterstaff of chaos
Armour
 c - a +0 buckler
 h - a +0 pair of boots (worn)
 m - a +0 pair of gloves (worn)
 o - the +13 plate armour of Twilight (worn) {*Corrode rElec rPois Stlth+}
   (You acquired it on level 3 of the Dungeon)

   rElec:     It insulates you from electricity.
   rPois:     It protects you from poison.
   *Corrode:  It may corrode you when you take damage.
   Stlth:     It makes you more stealthy.
 C - a +1 cloak (worn)
Jewellery
 b - an amulet of magic regeneration
 e - an amulet of reflection
 t - the ring "Pajiul" (left hand) {Fly rN+ Str+2 Int-3 Dex+8}
   (You acquired it on level 3 of the Dungeon)

   [ring of flight]

   Str:       It affects your strength (+2).
   Int:       It affects your intelligence (-3).
   Dex:       It affects your dexterity (+8).
   rN:        It protects you from negative energy.
   Fly:       It grants you flight.
 v - a ring of protection from cold
 x - a +6 ring of dexterity (right hand)
 F - an amulet of reflection
Wands
 s - a wand of mindburst (27)
 u - a wand of flame (60)
 y - a wand of paralysis (6)
Scrolls
 p - a scroll of magic mapping
 w - 2 scrolls of immolation
 A - 2 scrolls of torment
 D - a scroll of fog
Potions
 d - a potion of heal wounds
 f - 2 potions of cancellation
 g - 2 potions of brilliance {unknown}
 k - 2 potions of curing {unknown}
 l - 2 potions of degeneration {unknown}
 n - 3 potions of attraction {unknown}
 q - 4 potions of ambrosia {unknown}
 z - 4 potions of lignification {unknown}
 G - 2 potions of invisibility {unknown}
 H - a potion of berserk rage {unknown}
 K - a potion of magic {unknown}


   Skills:
 + Level 7.6 Fighting
 * Level 16.9 Polearms
 + Level 6.5 Armour
 + Level 1.3 Dodging
 + Level 1.0 Stealth
 + Level 3.8 Shields
 + Level 4.7 Spellcasting
 + Level 6.8 Transmutations


You had 18 spell levels left.
You knew the following spells:

 Your Spells              Type           Power      Damage    Failure   Level
a - Beastly Appendage     Tmut           14%        N/A       36%         1

Your spell library contained the following spells:

 Spells                   Type           Power      Damage    Failure   Level
 Wereblood                Tmut           7%         N/A       50%         2
 Spider Form              Tmut/Pois      4%         N/A       99%         3
 Portal Projectile        Hex/Tloc       2%         N/A       100%        3
 Summon Guardian Golem    Hex/Summ       1%         N/A       100%        3
 Tukima's Dance           Hex            1%         N/A       100%        3
 Blade Hands              Tmut           3%         N/A       100%        5
 Malign Gateway           Summ/Tloc      0%         N/A       100%        7
 Orb of Destruction       Conj           0%         9d5       100%        7
 Spellforged Servitor     Conj/Summ      0%         N/A       100%        7
 Summon Horrible Things   Summ           0%         N/A       100%        8


Dungeon Overview and Level Annotations

Branches:
Dungeon (8/15)             Temple (1/1) D:5            Lair (2/5) D:8
  Swamp: Lair:2-3    Shoals: Lair:2-3     Snake: Lair:2-3    Spider: Lair:2-3

Altars:
Ashenzari
Cheibriados
Dithmenos
Elyvilon
Fedhas
Gozag
Hepliaklqana
Kikubaaqudgha
Makhleb
Nemelex Xobeh
Qazlal
Ru
Sif Muna
Trog
Uskayaw
Vehumet
Wu Jian
Xom
Yredelemnul
Zin
The Shining One

Shops:
D:5 *

Annotations:
Lair:2 Amaemon, Gastronok, Harold


Innate Abilities, Weirdness & Mutations

((You are very nimble when in or above water. (Stealth+, EV+, Speed+++)))
Your lower body shifts to a powerful aquatic tail in water.
You are clumsy. (Dex -2)
Your spells are a little easier to cast, but a little less powerful.


Message History

Amaemon sings, "Eyes close, heart stop, nighty-night for you..."
Amaemon barely misses you. Amaemon claws you.
Amaemon tail-slaps you but does no damage.
Harold hits you but does no damage. The orange demon barely misses you.
You barely miss the komodo dragon. The bat barely misses you.
The blink frog blinks!
The komodo dragon barely misses you. The cane toad barely misses you.
The blink frog blinks!
You puncture the komodo dragon!
The komodo dragon is lightly wounded.
The bat hits you but does no damage.
Amaemon's tail lashes.
Amaemon hits you with a -1 demon whip of venom.
You are poisoned.
Amaemon claws you but does no damage. Amaemon barely misses you.
Harold hits you with a +1 short sword of flaming!
Harold burns you. The orange demon stings you from afar.
* * * LOW HITPOINT WARNING * * *
The cane toad completely misses you.
The komodo dragon bites you but does no damage.
You feel much better.
You feel sick. The wolf barely misses you.
Amaemon hits you with a -1 demon whip of venom.
Amaemon claws you but does no damage. Amaemon tail-slaps you.
The blink frog blinks!
Harold hits you but does no damage.
The orange demon stings you but does no damage.
The cane toad stings you but does no damage.
The komodo dragon bites you but does no damage.
The wolf bites you!
* * * LOW HITPOINT WARNING * * *
You feel much better.
You feel sick. The wolf bites you but does no damage. The cane toad stings you!
Amaemon hits you but does no damage.
You are more poisoned.
Amaemon claws you but does no damage.
Amaemon tail-slaps you but does no damage.
The dream sheep shake their wool and sparkle.
You feel drowsy...
You fall asleep.
Harold hits you with a +1 short sword of flaming!!
You wake up.
* * * LOW HITPOINT WARNING * * *
Your corrosive artefact corrodes you!
Harold burns you!
You die...

###......# ##.#.
#.......# #.Y.. ###
#.F....###..P..#
##..###....#........#.
#.....................
#......Y...l.........
#..b.YhY.............
###h#@r..............
##@l4l..##.P##PY##.
#.FF6#....#### # #.
#(...##.#.# ##
#....###### #...##
#...# ##P.# ####


You could see Amaemon, Harold, an orange demon (curare), 3 komodo dragons, a
cane toad (curare), 2 blink frogs, 2 wolves, 3 dream sheep, a quokka (summoned)
and a bat (summoned).

Vanquished Creatures
  Erica (Lair:2)
  A two-headed ogre (D:8)
  Nergalle (Lair:1)
  2 cane toads
  A torpor snail (Lair:2)
  6 komodo dragons
  Prince Ribbit (D:8)
  3 blink frogs (Lair:2)
  A wyvern (Lair:1)
  Grum (D:8)
  10 yaks
  3 basilisks (Lair:1)
  2 steam dragons (D:6)
  4 water moccasins
  Duvessa (D:4)
  An ice beast (D:8)
  3 black bears
  2 wolves (D:8)
  A centaur (D:8)
  3 phantoms
  4 bullfrogs
  2 kobold brigands
  2 scorpions (D:6)
  A gnoll sergeant (D:6)
  Dowan (D:4)
  3 howler monkeys
  3 jellies
  2 orc priests (D:3)
  5 hounds
  Crazy Yiuf (D:4)
  Jessica (D:2)
  Terence (D:2)
  5 iguanas
  3 orc wizards
  11 gnolls
  6 adders
  A white imp (D:7)
  2 ufetubi
  A worm (D:2)
  2 dart slugs
  15 orcs
  7 ball pythons
  5 endoplasms
  2 giant cockroaches
  9 goblins
  3 hobgoblins (D:1)
  5 quokkas
  3 bats (D:1)
  A frilled lizard (D:2)
  12 kobolds
167 creatures vanquished.

Vanquished Creatures (collateral kills)
  2 hydras
  A komodo dragon (Lair:2)
  A water moccasin (Lair:2)
  A bullfrog (Lair:1)
5 creatures vanquished.

Vanquished Creatures (others)
  16 fungi
  19 plants
35 creatures vanquished.

Grand Total: 207 creatures vanquished

Notes
Turn   | Place    | Note
-------+----------+-------------------------------------------
     0 | D:1      | pacmanke6689 the Merfolk Fighter began the quest for the
                  | Orb.
     0 | D:1      | Reached XP level 1. HP: 18/18 MP: 1/1
    34 | D:1      | Found a faded altar of an unknown god.
   167 | D:1      | Reached XP level 2. HP: 17/24 MP: 2/2
   604 | D:2      | Noticed Terence
   615 | D:2      | Killed Terence
   616 | D:2      | Reached skill level 3 in Polearms
   616 | D:2      | Reached XP level 3. HP: 19/29 MP: 3/3
   857 | D:2      | Noticed Jessica
   864 | D:2      | Reached XP level 4. HP: 35/37 MP: 4/4
   869 | D:2      | Killed Jessica
   870 | D:2      | Reached skill level 4 in Polearms
  1328 | D:3      | Reached XP level 5. HP: 37/42 MP: 5/5
  1620 | D:3      | Identified 3 scrolls of acquirement
  1623 | D:3      | Acquired a +3 halberd of protection
  1635 | D:3      | Acquired the ring "Pajiul" {Fly rN+ Str+2 Int-3 Dex+8}
  1636 | D:3      | Acquired the +13 plate armour of Twilight {*Corrode rElec
                  | rPois Stlth+}
  1755 | D:3      | Reached skill level 5 in Polearms
  2234 | D:3      | Found a glowing silver altar of Zin.
  2234 | D:3      | Found an opulent altar of Gozag.
  2519 | D:4      | Reached XP level 6. HP: 48/48 MP: 6/6
  2570 | D:4      | Reached skill level 1 in Dodging
  2652 | D:4      | Reached skill level 6 in Polearms
  2949 | D:4      | Found a runed translucent door.
  2950 | D:4      | Noticed Crazy Yiuf
  2997 | D:4      | Killed Crazy Yiuf
  3060 | D:4      | Noticed Duvessa
  3060 | D:4      | Noticed Dowan
  3116 | D:4      | Killed Duvessa
  3117 | D:4      | Reached skill level 7 in Polearms
  3117 | D:4      | Reached XP level 7. HP: 52/54 MP: 7/7
  3128 | D:4      | Killed Dowan
  3393 | D:5      | Entered Level 5 of the Dungeon
  3393 | D:5      | Found a staircase to the Ecumenical Temple.
  3406 | Temple   | Entered the Ecumenical Temple
  3613 | Temple   | Became a worshipper of Makhleb the Destroyer
  3644 | D:5      | Learned a level 1 spell: Beastly Appendage
  3666 | D:5      | Found Pigguff's Mass Market.
  3841 | D:5      | Reached skill level 8 in Polearms
  4736 | D:6      | Reached skill level 1 in Spellcasting
  4736 | D:6      | Reached skill level 1 in Transmutations
  4769 | D:6      | Found a shadowy altar of Dithmenos.
  4787 | D:6      | Reached skill level 9 in Polearms
  4787 | D:6      | Reached XP level 8. HP: 61/61 MP: 9/9
  5678 | D:6      | Reached skill level 10 in Polearms
  5689 | D:6      | Reached * piety under Makhleb
  5983 | D:6      | You are sucked into a shaft and drop 1 floor!
  6434 | D:7      | Found a snail-covered altar of Cheibriados.
  6434 | D:7      | Found a bloodstained altar of Trog.
  6434 | D:7      | Found a shimmering altar of Xom.
  6435 | D:7      | Found a shimmering blue altar of Sif Muna.
  6438 | D:7      | Reached skill level 11 in Polearms
  6702 | D:7      | Reached XP level 9. HP: 66/66 MP: 12/12
  7631 | D:8      | Reached skill level 12 in Polearms
  7705 | D:8      | Noticed Prince Ribbit
  7719 | D:8      | Killed Prince Ribbit
  7720 | D:8      | Reached skill level 5 in Fighting
  7843 | D:8      | Noticed a two-headed ogre
  7856 | D:8      | Killed a two-headed ogre
  7857 | D:8      | Reached skill level 13 in Polearms
  7894 | D:8      | Found a white marble altar of Elyvilon.
  8144 | D:8      | Noticed Grum
  8155 | D:8      | Killed Grum
  8426 | D:8      | Reached XP level 10. HP: 72/74 MP: 14/14
  8483 | D:8      | Reached skill level 5 in Armour
  8505 | D:8      | Reached skill level 14 in Polearms
  8607 | D:8      | Reached ** piety under Makhleb
  8634 | D:8      | Found a staircase to the Lair.
  8953 | Lair:1   | Entered Level 1 of the Lair of Beasts
  8972 | Lair:1   | Noticed a cane toad
  8988 | Lair:1   | Killed a cane toad
  9006 | Lair:1   | Gained mutation: Your spells are a little easier to cast,
                  | but a little less powerful. [mutagenic glow]
  9129 | Lair:1   | Gained mutation: You are clumsy. (Dex -2) [mutagenic glow]
  9273 | Lair:1   | Reached skill level 5 in Transmutations
  9293 | Lair:1   | Reached skill level 15 in Polearms
  9703 | Lair:1   | Reached XP level 11. HP: 82/82 MP: 17/17
  9710 | Lair:1   | Noticed a five-headed hydra
 10049 | Lair:1   | Noticed Nergalle
 10066 | Lair:1   | Killed Nergalle
 10309 | Lair:2   | Reached skill level 16 in Polearms
 10816 | Lair:1   | Killed a 12-headed hydra
 11023 | Lair:2   | Noticed a five-headed hydra
 11031 | Lair:2   | Killed a five-headed hydra
 11110 | Lair:2   | Noticed Erica
 11137 | Lair:2   | Killed Erica
 11182 | Lair:2   | Reached skill level 1 in Stealth
 11455 | Lair:2   | Noticed Gastronok
 11467 | Lair:2   | Noticed Harold
 11483 | Lair:2   | Noticed Amaemon
 11517 | Lair:2   | HP: 2/84 [Harold/+1 short sword of flaming (33)]
 11517 | Lair:2   | Mangled by Harold

Illustrated notes

Levels and vault maps discovered:
D:1:      lemuel_arrival_funnel, layout_rooms,
          hellmonk_ecumenical_altar_crossroads, serial_bayou_pond_b
D:2:      layout_rooms, serial_rivers, chequers_serial_rivers_micro_a,
          chequers_serial_rivers_micro_d, chequers_serial_rivers_micro_b,
          chequers_serial_rivers_room_b, uniq_terence, uniq_jessica
D:3:      layout_loops_ring, grunt_temple_overflow_gold_and_silver
D:4:      layout_basic, uniq_duvessa, uniq_crazy_yiuf_cottage
D:5:      layout_basic, minmay_temple_entry_statues_fountains,
          minmay_tree_intersection, minmay_shop_mass
D:6:      kennysheep_steamy, layout_basic, kennysheep_mini,
          serial_co_window_serial, co_window_corner_a, co_window_corner_a,
          co_window_corner_a, co_window_cross_1, co_window_paths_a,
          co_window_corner_a, co_window_of_opportunity_a, co_window_broadway_b,
          co_window_unsneaky_path_b, co_window_paths_c, co_window_2corner,
          co_window_unsneaky_path_a, co_window_paths_d, glass_columns_a,
          glass_columns_a, glass_columns_a, glass_columns_a, minmay_fountain_box
D:7:      layout_layer_cave, chequers_temple_overflow_statue_of_worship
D:8:      layout_gridville, old_standard_altar, david_lair_shrubbed,
          enter_bailey_3, serial_glass, glass_columns_c, glass_columns_b,
          uniq_prince_ribbit1, uniq_grum
Temple:   nicolae_temple_figure_eight
Lair:1:   beast_lair_carwin_large_2, layout_chaotic_city, uniq_nergalle
Lair:2:   layout_misc_corridors, uniq_amaemon, uniq_gastronok, uniq_erica,
          uniq_harold

Skill      XL: |  1  2  3  4  5  6  7  8  9 10 11 |
---------------+----------------------------------+-----
Polearms       | 3 4 5 7 9 11 13 15 16 | 16.9
Fighting       | 4 5 6 7 |  7.6
Armour         | 3 4 5 6 |  6.5
Dodging        | 1 |  1.3
Spellcasting   | 1 2 3 4 |  4.7
Transmutations | 1 3 4 6 |  6.8
Stealth        | 1 |  1.0
Shields        | |  3.8

Action                   |  1- 3 |  4- 6 |  7- 9 | 10-12 || total
-------------------------+-------+-------+-------+-------++-------
Melee: Trident           |    62 |    54 |       |       ||   116
       Halberd           |       |    67 |   184 |   237 ||   488
       Headbutt          |       |       |       |     3 ||     3
Throw: Throwing net      |       |       |     1 |       ||     1
 Cast: Beastly Appendage |       |       |     1 |    23 ||    24
  Use: Potion            |     1 |     1 |       |     3 ||     5
       Scroll            |       |    14 |     4 |    19 ||    37
 Stab: Distracted        |       |       |       |     1 ||     1
       Fleeing           |       |       |       |     1 ||     1
Armor: Scale mail        |    23 |    18 |       |       ||    41
       Plate armour      |       |    57 |   158 |   230 ||   445
Dodge: Dodged            |    12 |    41 |    73 |   101 ||   227
Block: Buckler           |    14 |    13 |       |       ||    27
